 Dungeon Crawl Stone Soup version 0.23.0 (webtiles) character file.

Game seed: 1415071909367464467

7363 tidbits the Martial Artist (level 11, 83/83 HPs)
             Began as a Gnoll Transmuter on Feb 14, 2019.
             Was an Elder of Cheibriados.
             Quit the game on level 12 of the Dungeon.
             The game lasted 00:28:14 (3418 turns).

tidbits the Martial Artist (Gnoll Transmuter)       Turns: 3418, Time: 00:28:14

Health: 83/83      AC: 10    Str: 21    XL:     11   Next: 14%
Magic:  22/22      EV: 19    Int: 28    God:    Cheibriados [****..]
Gold:   397        SH:  0    Dex: 28    Spells: 7/25 levels left

rFire    + . .     SeeInvis +   j - +0 dagger
rCold    + . .     Gourm    .   (no shield)
rNeg     . . .     Faith    .   B - +2 leather armour {rF+}
rPois    .         Spirit   .   E - +2 helmet
rElec    .         Reflect  .   (no cloak)
rCorr    .         Harm     +   G - +0 pair of gloves (curse)
MR       .....     Clarity  +   (no boots)
Stlth    ++++......             T - amulet of harm
HPRegen  0.23/turn              r - +3 ring of dexterity
MPRegen  0.18/turn              R - ring of see invisible

@: very slow
A: distributed training, fangs 1, clarity, cold resistance 1, strong nose
a: Bend Time, Temporal Distortion, Slouch, Renounce Religion


You were on level 12 of the Dungeon.
You worshipped Cheibriados.
Cheibriados was greatly pleased with you.
You were not hungry.

You visited 3 branches of the dungeon, and saw 16 of its levels.

You collected 397 gold pieces.

Inventory:

Hand Weapons
 a - the +3 dagger "Gnoll's Curse" {freeze, rPois rF++ Str+2 Dex-5}
   (You found it on level 9 of the Dungeon)

   It has been specially enchanted to freeze those struck by it, causing extra
   injury to most foes and up to half again as much damage against particularly
   susceptible opponents.
   It can also slow down cold-blooded creatures.
   It affects your strength (+2).
   It affects your dexterity (-5).
   It greatly protects you from fire.
   It protects you from poison.
 c - a +0 shortbow
 j - a +0 dagger (weapon)
 L - a +2 hand axe of electrocution
   (You took it off an orc on level 11 of the Dungeon)
 O - a +2 dagger of distortion
   (You took it off Psyche on level 11 of the Dungeon)
 W - a +0 longbow
Missiles
 f - 2 curare-tipped needles
 g - 7 tomahawks
 v - 8 needles of confusion
 y - 91 arrows
 M - 4 silver tomahawks
 S - a throwing net {!f}
 V - 5 silver javelins (quivered)
Armour
 b - a +0 robe
 s - a +0 ring mail of fire resistance
   (You took it off Duvessa on level 4 of the Dungeon)
 B - a +2 leather armour of fire resistance (worn)
   (You took it off an orc on level 11 of the Dungeon)
 E - a +2 helmet (worn)
 G - a cursed +0 pair of gloves (worn)
 Z - a +1 helmet
Jewellery
 r - a +3 ring of dexterity (left hand)
   (You found it on level 11 of the Dungeon)
 w - a +2 ring of strength
   (You found it on level 6 of the Dungeon)
 H - an uncursed ring of poison resistance
   (You found it on level 9 of the Dungeon)
 J - an uncursed ring of positive energy
   (You found it on level 11 of the Dungeon)
 R - a ring of see invisible (right hand)
   (You found it on level 12 of the Dungeon)
 T - an amulet of harm (around neck)
   (You found it on level 12 of the Dungeon)
Wands
 q - a wand of acid (8)
 u - a wand of polymorph (6)
 x - a wand of flame (20)
 D - a wand of enslavement (11)
 N - a wand of disintegration (9)
 P - a wand of iceblast (6)
 Y - a wand of digging (4)
Scrolls
 e - 2 scrolls of immolation {!r}
 k - a scroll of magic mapping {unknown}
 m - a scroll of noise {!r}
 n - 2 scrolls of fog
 o - 4 scrolls of amnesia
 p - 2 scrolls of blinking
 A - a scroll of vulnerability {!r}
 C - 3 scrolls of teleportation {unknown}
 Q - a scroll of enchant weapon {unknown}
Potions
 h - 2 potions of lignification
 i - 2 potions of curing
 l - 4 potions of heal wounds
 t - 3 potions of berserk rage {unknown}
 z - a potion of flight {unknown}
 F - a potion of invisibility
 I - a potion of agility
 K - a potion of degeneration {!q}
 U - a potion of cancellation {unknown}
 X - a potion of ambrosia {unknown}
Comestibles
 d - 7 rations


   Skills:
 + Level 6.5 Fighting
 + Level 5.9 Short Blades
 + Level 5.9 Long Blades
 + Level 5.9 Axes
 + Level 5.9 Maces & Flails
 + Level 5.9 Polearms
 + Level 5.9 Staves
 + Level 5.9 Slings
 + Level 5.9 Bows
 + Level 5.9 Crossbows
 + Level 5.9 Throwing
 + Level 5.9 Armour
 + Level 7.5 Dodging
 + Level 5.9 Stealth
 + Level 5.9 Shields
 + Level 8.9 Unarmed Combat
 + Level 7.8 Spellcasting
 + Level 4.9 Conjurations
 + Level 4.9 Hexes
 + Level 4.9 Charms
 + Level 4.9 Summonings
 + Level 4.9 Necromancy
 + Level 4.9 Translocations
 + Level 6.3 Transmutations
 + Level 4.9 Fire Magic
 + Level 4.9 Ice Magic
 + Level 4.9 Air Magic
 + Level 4.9 Earth Magic
 + Level 4.9 Poison Magic
 + Level 6.5 Invocations
 + Level 5.9 Evocations


You had 7 spell levels left.
You knew the following spells:

 Your Spells              Type           Power        Failure   Level  Hunger
e - Beastly Appendage     Tmut           #####.       1%          1    None
h - Blade Hands           Tmut           #####.....   12%         5    ####...
i - Ice Form              Ice/Tmut       #####...     6%          4    ##.....
k - Sticks to Snakes      Tmut           #####...     1%          2    None
m - Mephitic Cloud        Conj/Pois/Air  #####...     2%          3    None
p - Spider Form           Tmut/Pois      #####.....   1%          3    None

Your spell library contained the following spells:

 Spells                   Type           Power        Failure   Level  Hunger
 Magic Dart               Conj           ####         1%          1    None
 Blink                    Tloc           N/A          1%          2    None
 Call Imp                 Summ           #####...     1%          2    None
 Corpse Rot               Necr           N/A          1%          2    None
 Slow                     Hex            #####...     1%          2    None
 Conjure Flame            Conj/Fire      #####...     2%          3    None
 Vampiric Draining        Necr           #####.....   2%          3    None
 Bolt of Magma            Conj/Fire/Erth #####.....   22%         5    ####...
 Excruciating Wounds      Chrm/Necr      #####.....   22%         5    ####...
 Iskenderun's Battlesphe  Conj/Chrm      #####...     22%         5    ####...
 Venom Bolt               Conj/Pois      #####.....   22%         5    ####...
 Iron Shot                Conj/Erth      #####.....   75%         6    ######.
 Simulacrum               Ice/Necr       #####.....   75%         6    ######.
 Orb of Destruction       Conj           #####.....   100%        7    #######
 Spellforged Servitor     Conj/Summ      #####.....   100%        7    #######


Dungeon Overview and Level Annotations

Branches:
Dungeon (14/15)            Temple (1/1) D:6             Orc (1/2) D:11
   Lair: D:8-11      Vaults: D:13-14

Altars:
Ashenzari
Cheibriados
Dithmenos
Elyvilon
Fedhas
Gozag
Hepliaklqana
Kikubaaqudgha
Makhleb
Nemelex Xobeh
Okawaru
Qazlal
Ru
Trog
Uskayaw
Vehumet
Wu Jian
Xom
Yredelemnul
Zin

Annotations:
D:12 Rupert


Innate Abilities, Weirdness & Mutations

Your experience applies equally to all skills.
You have very sharp teeth.
Your uncanny sense of smell can sniff out nearby items.
You possess an exceptional clarity of mind.
Your flesh is cold resistant. (rC+)


Message History

The crimson imp hits you but does no damage.
Your adder barely misses the crimson imp.
You hit the troll.
The troll is lightly wounded.
Your adder barely misses the crimson imp.
Your adder bites the troll but does no damage.
The crimson imp barely misses you. The troll misses you. x2
The troll claws you.
You shred the troll!!!
You kill the troll!
Cheibriados thoroughly appreciates the change of pace.
You can now inflict damage on those overly hasty.
Cheibriados raises the support of your attributes as your movement slows.
Your adder bites the crimson imp.
The crimson imp hits you.
You barely miss the crimson imp.
You bite the crimson imp, but do no damage.
Your transformation is almost over.
Your adder misses the crimson imp. The crimson imp misses you.
You shred the crimson imp!!!
You kill the crimson imp!
Cheibriados appreciates the change of pace.
You swap places.
You see here a troll corpse.
Found a runed helmet.
Unknown command.
Your hands revert to their normal proportions.
Your +0 dagger unmelds from your body.
You see here a runed helmet.
Z - a runed helmet Wear which item? (? for menu, Esc to quit)
You start removing your armour.
You continue taking off your +2 helmet. x4
You finish taking off your +2 helmet.
You start putting on your armour.
You continue putting on your runed helmet. x5
You finish putting on your +1 helmet.
Wear which item? (? for menu, Esc to quit)
You start removing your armour.
You continue taking off your +1 helmet. x4
You finish taking off your +1 helmet.
You start putting on your armour.
You continue putting on your +2 helmet. x3
Magic restored.
You continue putting on your +2 helmet. x2
You finish putting on your +2 helmet.
Wear which item? (? for menu, Esc to quit)
You start putting on your armour.
You continue putting on your pair of gloves. x4
You finish putting on your cursed +0 pair of gloves.
Oops, that feels deathly cold.
Adjust (i)tems, (s)pells, or (a)bilities?
Adjust which item? (? for menu, Esc to quit)
y - a cursed +0 pair of gloves (worn)
Adjust to which letter? (? for menu, Esc to quit)
G - a cursed +0 pair of gloves (worn);
y - 91 arrows Unknown command.
An acid dragon comes into view.
Found 9 gold pieces.
Found 9 poisoned needles.
Unknown command.
Found 13 gold pieces.
Unknown command.
An adder comes into view.
The helpless acid dragon fails to defend itself.
You perforate the acid dragon like a sieve!!!
You kill the acid dragon!
Cheibriados thoroughly appreciates the change of pace.
You see here 13 gold pieces.
You now have 397 gold pieces (gained 13).
The teleport trap disappears.
The adder disappears!
Your adder withers and dies! x2
Unknown command.
Found a potion of curing.
Unknown command.
HP restored.
You see here a potion of curing.
i - 2 potions of curing (gained 1) Unknown command.
Found a potion of heal wounds.
Unknown command.
You see here a potion of heal wounds.
l - 4 potions of heal wounds (gained 1) Unknown command.
Unknown command.
The adder hisses angrily.
The adder completely misses you.
Unknown command.
The adder closely misses you.
Unknown command.
The adder bites you but does no damage. The adder misses you. x2
The adder barely misses you.
You see here a hand crossbow.
Unknown command.
You closely miss Rupert. The adder closely misses you.
Rupert drinks a potion.
Rupert suddenly seems more agile.
The adder barely misses you. The adder bites you but does no damage.
Rupert roars madly and goes into a rage!
Rupert goes berserk!
Okay, then.
Unknown command.
Are you sure you want to abandon this character and quit the game? (Confirm with "yes".)

#.# ...... #.# ###
###### #.# .># #.#
#.## #.# #..#######
#.## #<.......##
#..# #..#.#.#..#
##.#
####....$....## #.#
#.@@S.#.#.#...####
#.#
#.##.............#
#.# #. #.)#.#.#.#
#.# #.# #.
##.......#.##.##
#.# #.
###............ #.#
#.### #.#####.##.##
#.# ....###.#
#.....)## #.# #
###.##.#.##....)...
#.# #.
#...###........).


You could see Rupert (berserk) and an adder.

Vanquished Creatures
  Snorg (D:10)
  A centaur warrior (D:13)
  An orc sorcerer (D:11)
  A manticore (D:11)
  Psyche (D:11)
  A troll (D:12)
  2 hippogriffs
  A wraith (D:11)
  A hungry ghost (D:10)
  An acid dragon (D:12)
  A water moccasin (D:9)
  Duvessa (D:4)
  A black bear (D:7)
  3 orc warriors
  A sky beast (D:7)
  2 centaurs (D:6)
  3 wolves (D:9)
  4 phantoms
  3 ogres
  2 crocodiles
  2 big kobolds
  A bullfrog (D:9)
  Dowan (D:4)
  A scorpion (D:4)
  2 troll zombies (D:11)
  5 wights (D:13)
  A howler monkey (D:6)
  6 crimson imps
  2 centaur zombies
  A bullfrog zombie (D:13)
  3 orc priests
  2 hounds
  3 jellies
  5 orc wizards
  A bullfrog skeleton (D:5)
  A centaur skeleton (D:4)
  3 iguanas
  2 worker ants (D:6)
  6 ogre zombies (D:11)
  A hound skeleton (D:6)
  2 worker ant zombies
  3 gnolls (D:4)
  11 adders
  3 shadow imps
  An ooze (D:6)
  An adder skeleton (D:6)
  An adder zombie (D:5)
  A dart slug (D:2)
  4 leopard geckos
  10 orcs
  A ball python (D:4)
  A bat (D:1)
  2 giant cockroaches (D:5)
  5 goblins
  3 hobgoblins
  8 jackals
  6 quokkas
  2 frilled lizards
  A goblin skeleton (D:11)
  3 goblin zombies (D:11)
  A hobgoblin skeleton (D:11)
  5 hobgoblin zombies (D:11)
  A jackal skeleton (D:4)
  9 kobolds
  2 orc skeletons (D:11)
  13 orc zombies (D:11)
  A quokka skeleton (D:4)
  3 rats
185 creatures vanquished.

Vanquished Creatures (collateral kills)
  Grum (D:9)
  A hound (D:6)
  A leopard gecko (D:6)
  2 orcs
  2 hobgoblins (D:2)
  2 kobolds (D:2)
9 creatures vanquished.

Vanquished Creatures (others)
  A fungus (D:8)
1 creature vanquished.

Grand Total: 195 creatures vanquished

Notes
Turn   | Place    | Note
-------+----------+-------------------------------------------
     0 | D:1      | tidbits the Gnoll Transmuter began the quest for the Orb.
     0 | D:1      | Reached XP level 1. HP: 17/17 MP: 6/6
    45 | D:1      | Reached XP level 2. HP: 16/23 MP: 5/7
   111 | D:1      | Found a shattered altar of Ashenzari.
   256 | D:2      | Found a shimmering altar of Xom.
   281 | D:2      | Learned a level 2 spell: Sticks to Snakes
   294 | D:2      | Reached XP level 3. HP: 24/28 MP: 6/9
   342 | D:2      | Reached skill level 5 in Spellcasting
   361 | D:2      | Reached skill level 1 in Invocations
   370 | D:2      | Learned a level 3 spell: Spider Form
   379 | D:2      | Found an iron altar of Okawaru.
   386 | D:2      | Reached skill level 1 in Short Blades
   386 | D:2      | Reached skill level 1 in Long Blades
   386 | D:2      | Reached skill level 1 in Axes
   386 | D:2      | Reached skill level 1 in Maces & Flails
   386 | D:2      | Reached skill level 1 in Polearms
   386 | D:2      | Reached skill level 1 in Staves
   386 | D:2      | Reached skill level 1 in Slings
   386 | D:2      | Reached skill level 1 in Bows
   386 | D:2      | Reached skill level 1 in Crossbows
   386 | D:2      | Reached skill level 1 in Throwing
   386 | D:2      | Reached skill level 1 in Armour
   386 | D:2      | Reached skill level 1 in Stealth
   386 | D:2      | Reached skill level 1 in Shields
   386 | D:2      | Reached skill level 1 in Evocations
   396 | D:2      | Gained mutation: You possess an exceptional clarity of
                  | mind. [potion of mutation]
   396 | D:2      | Gained mutation: Your flesh is cold resistant. (rC+)
                  | [potion of mutation]
   486 | D:2      | Reached XP level 4. HP: 34/34 MP: 4/11
   566 | D:3      | Reached skill level 1 in Conjurations
   566 | D:3      | Reached skill level 1 in Hexes
   566 | D:3      | Reached skill level 1 in Charms
   566 | D:3      | Reached skill level 1 in Summonings
   566 | D:3      | Reached skill level 1 in Necromancy
   566 | D:3      | Reached skill level 1 in Translocations
   566 | D:3      | Reached skill level 1 in Fire Magic
   566 | D:3      | Reached skill level 1 in Ice Magic
   566 | D:3      | Reached skill level 1 in Air Magic
   566 | D:3      | Reached skill level 1 in Earth Magic
   566 | D:3      | Reached skill level 1 in Poison Magic
   572 | D:3      | Learned a level 4 spell: Ice Form
   646 | D:4      | Reached XP level 5. HP: 25/40 MP: 6/12
   653 | D:4      | Reached skill level 3 in Fighting
   653 | D:4      | Reached skill level 4 in Transmutations
   684 | D:4      | Reached XP level 6. HP: 35/47 MP: 1/13
   714 | D:4      | Noticed Duvessa
   717 | D:4      | Noticed Dowan
   736 | D:4      | Killed Duvessa
   736 | D:4      | Reached skill level 2 in Short Blades
   736 | D:4      | Reached skill level 2 in Long Blades
   736 | D:4      | Reached skill level 2 in Axes
   736 | D:4      | Reached skill level 2 in Maces & Flails
   736 | D:4      | Reached skill level 2 in Polearms
   736 | D:4      | Reached skill level 2 in Staves
   736 | D:4      | Reached skill level 2 in Slings
   736 | D:4      | Reached skill level 2 in Bows
   736 | D:4      | Reached skill level 2 in Crossbows
   736 | D:4      | Reached skill level 2 in Throwing
   736 | D:4      | Reached skill level 2 in Armour
   736 | D:4      | Reached skill level 5 in Dodging
   736 | D:4      | Reached skill level 2 in Stealth
   736 | D:4      | Reached skill level 2 in Shields
   736 | D:4      | Reached skill level 2 in Invocations
   736 | D:4      | Reached skill level 2 in Evocations
   737 | D:4      | Killed Dowan
   747 | D:5      | Entered Level 5 of the Dungeon
   819 | D:6      | Reached XP level 7. HP: 32/52 MP: 3/15
   881 | D:4      | HP: 6/52 [ogre/+0 giant club (22)]
   884 | D:4      | Reached skill level 7 in Unarmed Combat
   930 | D:4      | HP: 10/52 [poisoned by an adder]
   936 | D:4      | HP: 7/52 [poisoned by an adder]
   954 | D:4      | Reached skill level 2 in Conjurations
   954 | D:4      | Reached skill level 2 in Hexes
   954 | D:4      | Reached skill level 2 in Charms
   954 | D:4      | Reached skill level 2 in Summonings
   954 | D:4      | Reached skill level 2 in Necromancy
   954 | D:4      | Reached skill level 2 in Translocations
   954 | D:4      | Reached skill level 2 in Fire Magic
   954 | D:4      | Reached skill level 2 in Ice Magic
   954 | D:4      | Reached skill level 2 in Air Magic
   954 | D:4      | Reached skill level 2 in Earth Magic
   954 | D:4      | Reached skill level 2 in Poison Magic
  1095 | D:6      | Reached skill level 3 in Invocations
  1106 | D:6      | Reached XP level 8. HP: 31/60 MP: 11/16
  1224 | D:6      | Found a staircase to the Ecumenical Temple.
  1229 | D:6      | Identified the Volume of Forking Paths
  1234 | Temple   | Entered the Ecumenical Temple
  1240 | Temple   | Reached skill level 4 in Fighting
  1328 | Temple   | Became a worshipper of Cheibriados the Contemplative
  1427 | D:6      | Reached skill level 3 in Short Blades
  1427 | D:6      | Reached skill level 3 in Long Blades
  1427 | D:6      | Reached skill level 3 in Axes
  1427 | D:6      | Reached skill level 3 in Maces & Flails
  1427 | D:6      | Reached skill level 3 in Polearms
  1427 | D:6      | Reached skill level 3 in Staves
  1427 | D:6      | Reached skill level 3 in Slings
  1427 | D:6      | Reached skill level 3 in Bows
  1427 | D:6      | Reached skill level 3 in Crossbows
  1427 | D:6      | Reached skill level 3 in Throwing
  1427 | D:6      | Reached skill level 3 in Armour
  1427 | D:6      | Reached skill level 3 in Stealth
  1427 | D:6      | Reached skill level 3 in Shields
  1427 | D:6      | Reached skill level 3 in Evocations
  1501 | D:6      | Reached skill level 6 in Spellcasting
  1622 | D:6      | Learned a level 5 spell: Blade Hands
  1822 | D:5      | Learned a level 3 spell: Mephitic Cloud
  1889 | D:7      | Reached skill level 3 in Conjurations
  1889 | D:7      | Reached skill level 3 in Hexes
  1889 | D:7      | Reached skill level 3 in Charms
  1889 | D:7      | Reached skill level 3 in Summonings
  1889 | D:7      | Reached skill level 3 in Necromancy
  1889 | D:7      | Reached skill level 3 in Translocations
  1889 | D:7      | Reached skill level 3 in Fire Magic
  1889 | D:7      | Reached skill level 3 in Ice Magic
  1889 | D:7      | Reached skill level 3 in Air Magic
  1889 | D:7      | Reached skill level 3 in Earth Magic
  1889 | D:7      | Reached skill level 3 in Poison Magic
  1889 | D:7      | Reached skill level 4 in Invocations
  1937 | D:7      | Reached skill level 6 in Dodging
  1937 | D:7      | Reached XP level 9. HP: 52/66 MP: 9/18
  1948 | D:7      | Found an ornate altar of the Wu Jian Council.
  2005 | D:8      | Found a shimmering altar of Xom.
  2020 | D:8      | Reached * piety under Cheibriados
  2020 | D:8      | Reached skill level 5 in Transmutations
  2113 | D:10     | Entered Level 10 of the Dungeon
  2141 | D:9      | Got an ebony dagger
  2165 | D:9      | Identified the +3 dagger "Gnoll's Curse" {freeze, rPois
                  | rF++ Str+2 Dex-5} (You found it on level 9 of the Dungeon)
  2184 | D:9      | Noticed Grum
  2195 | D:9      | Reached skill level 4 in Short Blades
  2195 | D:9      | Reached skill level 4 in Long Blades
  2195 | D:9      | Reached skill level 4 in Axes
  2195 | D:9      | Reached skill level 4 in Maces & Flails
  2195 | D:9      | Reached skill level 4 in Polearms
  2195 | D:9      | Reached skill level 4 in Staves
  2195 | D:9      | Reached skill level 4 in Slings
  2195 | D:9      | Reached skill level 4 in Bows
  2195 | D:9      | Reached skill level 4 in Crossbows
  2195 | D:9      | Reached skill level 4 in Throwing
  2195 | D:9      | Reached skill level 4 in Armour
  2195 | D:9      | Reached skill level 4 in Stealth
  2195 | D:9      | Reached skill level 4 in Shields
  2195 | D:9      | Reached skill level 4 in Evocations
  2202 | D:9      | Killed Grum
  2337 | D:9      | Reached skill level 5 in Fighting
  2588 | D:11     | Reached skill level 8 in Unarmed Combat
  2588 | D:11     | Reached skill level 5 in Invocations
  2618 | D:11     | Noticed a manticore
  2623 | D:11     | Killed a manticore
  2623 | D:11     | Reached XP level 10. HP: 46/74 MP: 14/20
  2643 | D:11     | Reached skill level 7 in Spellcasting
  2741 | D:10     | Reached ** piety under Cheibriados
  2741 | D:10     | Reached skill level 4 in Conjurations
  2741 | D:10     | Reached skill level 4 in Hexes
  2741 | D:10     | Reached skill level 4 in Charms
  2741 | D:10     | Reached skill level 4 in Summonings
  2741 | D:10     | Reached skill level 4 in Necromancy
  2741 | D:10     | Reached skill level 4 in Translocations
  2741 | D:10     | Reached skill level 4 in Fire Magic
  2741 | D:10     | Reached skill level 4 in Ice Magic
  2741 | D:10     | Reached skill level 4 in Air Magic
  2741 | D:10     | Reached skill level 4 in Earth Magic
  2741 | D:10     | Reached skill level 4 in Poison Magic
  2759 | D:10     | Noticed Snorg
  2770 | D:10     | Killed Snorg
  2770 | D:10     | Reached skill level 5 in Short Blades
  2770 | D:10     | Reached skill level 5 in Long Blades
  2770 | D:10     | Reached skill level 5 in Axes
  2770 | D:10     | Reached skill level 5 in Maces & Flails
  2770 | D:10     | Reached skill level 5 in Polearms
  2770 | D:10     | Reached skill level 5 in Staves
  2770 | D:10     | Reached skill level 5 in Slings
  2770 | D:10     | Reached skill level 5 in Bows
  2770 | D:10     | Reached skill level 5 in Crossbows
  2770 | D:10     | Reached skill level 5 in Throwing
  2770 | D:10     | Reached skill level 5 in Armour
  2770 | D:10     | Reached skill level 5 in Stealth
  2770 | D:10     | Reached skill level 5 in Shields
  2770 | D:10     | Reached skill level 5 in Evocations
  2809 | D:11     | Noticed Psyche
  2812 | D:11     | Killed Psyche
  2812 | D:11     | Reached skill level 7 in Dodging
  2839 | D:11     | Noticed an orc sorcerer
  2879 | D:11     | Reached skill level 6 in Fighting
  2885 | D:11     | Reached *** piety under Cheibriados
  2898 | D:11     | Found a staircase to the Orcish Mines.
  2916 | D:11     | Killed an orc sorcerer
  2916 | D:11     | Reached skill level 6 in Transmutations
  2916 | D:11     | Reached skill level 6 in Invocations
  2936 | D:12     | Noticed Rupert
  2975 | Orc:1    | Entered Level 1 of the Orcish Mines
  3208 | D:14     | Noticed a ghoul
  3221 | D:13     | Noticed a centaur warrior
  3226 | D:13     | Killed a centaur warrior
  3226 | D:13     | Reached XP level 11. HP: 71/83 MP: 22/22
  3275 | D:12     | Reached **** piety under Cheibriados
  3418 | D:12     | Quit the game

Skill      XL: |  1  2  3  4  5  6  7  8  9 10 |
---------------+-------------------------------+-----
Spellcasting   | 5 6 7 |  7.8
Invocations    | 1 2 3 4 5 6 |  6.5
Short Blades   | 1 2 3 4 5 |  5.9
Long Blades    | 1 2 3 4 5 |  5.9
Axes           | 1 2 3 4 5 |  5.9
Maces & Flails | 1 2 3 4 5 |  5.9
Polearms       | 1 2 3 4 5 |  5.9
Staves         | 1 2 3 4 5 |  5.9
Slings         | 1 2 3 4 5 |  5.9
Bows           | 1 2 3 4 5 |  5.9
Crossbows      | 1 2 3 4 5 |  5.9
Throwing       | 1 2 3 4 5 |  5.9
Armour         | 1 2 3 4 5 |  5.9
Stealth        | 1 2 3 4 5 |  5.9
Shields        | 1 2 3 4 5 |  5.9
Evocations     | 1 2 3 4 5 |  5.9
Conjurations   | 1 2 3 4 |  4.9
Hexes          | 1 2 3 4 |  4.9
Charms         | 1 2 3 4 |  4.9
Summonings     | 1 2 3 4 |  4.9
Necromancy     | 1 2 3 4 |  4.9
Translocations | 1 2 3 4 |  4.9
Fire Magic     | 1 2 3 4 |  4.9
Ice Magic      | 1 2 3 4 |  4.9
Air Magic      | 1 2 3 4 |  4.9
Earth Magic    | 1 2 3 4 |  4.9
Poison Magic   | 1 2 3 4 |  4.9
Fighting       | 3 4 5 6 |  6.5
Transmutations | 4 5 6 |  6.3
Dodging        | 5 6 7 |  7.5
Unarmed Combat | 7 8 |  8.9

Action                   |  1- 3 |  4- 6 |  7- 9 | 10-12 || total
-------------------------+-------+-------+-------+-------++-------
Melee: Unarmed           |    80 |    59 |   189 |   122 ||   450
       Punch             |     1 |       |     1 |     3 ||     5
       Headbutt          |     1 |       |       |       ||     1
       Bite              |     7 |     1 |     3 |    15 ||    26
       Kick              |     6 |     2 |       |       ||     8
       Dagger            |       |       |     3 |     7 ||    10
 Fire: Shortbow          |       |       |     2 |       ||     2
Throw: Tomahawk          |       |       |     3 |       ||     3
 Cast: Beastly Appendage |    13 |     1 |       |       ||    14
       Sticks to Snakes  |     4 |     3 |    16 |     4 ||    27
       Spider Form       |     2 |     8 |     8 |       ||    18
       Ice Form          |       |       |    13 |       ||    13
       Blade Hands       |       |       |     2 |    15 ||    17
Evoke: Wand              |       |     2 |     2 |     4 ||     8
  Use: Scroll            |     2 |     1 |     8 |     1 ||    12
       Potion            |     1 |     2 |     3 |     1 ||     7
 Stab: Sleeping          |     1 |       |     3 |     4 ||     8
  Eat: Ration            |     1 |       |     1 |     2 ||     4
       Chunk             |       |       |     2 |     2 ||     4
Armor: Robe              |    11 |     1 |     1 |     4 ||    17
       Skin              |       |     1 |    47 |       ||    48
       Leather armour    |       |       |       |     6 ||     6
Dodge: Dodged            |    67 |    38 |   137 |    83 ||   325

Table legend:
 A = Turns spent in this place as a percentage of turns spent in the entire game.
 B = Non-inter-level travel turns spent in this place as a percentage of non-inter-level travel turns spent in the entire game.
 C = Inter-level travel turns spent in this place as a percentage of turns spent in this place.
 D = Turns resting spent in this place as a percentage of non-inter-level travel turns spent in this place.
 E = Turns spent auto-exploring this place as a percentage of non-inter-level travel turns spent in this place.
 F = Non-inter-level travel turns spent in this place divided by the number of levels of this place that you've seen.
                   A       B       C       D       E      F
               +-------+-------+-------+-------+-------+----------------------
         Total | 100.0 | 100.0 |   4.3 |   0.0 |   0.0 | 204.4
       Dungeon |  94.3 |  96.6 |   1.9 |   0.0 |   0.0 | 225.7
        Temple |   5.4 |   3.1 |  46.2 |   0.0 |   0.0 | 100.0
  Orcish Mines |   0.3 |   0.3 |   0.0 |   0.0 |   0.0 |  10.0
               +-------+-------+-------+-------+-------+----------------------

Table legend:
 A = Kills in this place as a percentage of kills in entire the game.
 B = Kills by you in this place as a percentage of kills by you in the entire game.
 C = Kills by friends in this place as a percentage of kills by friends in the entire game.
 D = Other kills in this place as a percentage of other kills in the entire game.
 E = Experience gained in this place as a percentage of experience gained in the entire game.
 F = Experience gained in this place divided by the number of levels of this place that you have seen.
                   A       B       C       D       E      F
               +-------+-------+-------+-------+-------+----------------------
         Total | 100.0 | 100.0 | 100.0 |   N/A | 100.0 | 657.4
       Dungeon |  96.9 |  97.3 |  88.9 |   N/A |  96.2 | 723.0
        Temple |   0.5 |   0.5 |   0.0 |   N/A |   0.4 |  46.0
  Orcish Mines |   2.6 |   2.2 |  11.1 |   N/A |   3.3 | 351.0
               +-------+-------+-------+-------+-------+----------------------

Levels and vault maps discovered:
D:1:      zelgadis_glass_arrival_small, layout_basic, hangedman_decor_opposing,
          minmay_misc_feat_roman, ashenzari_altar_1
D:2:      layout_basic, okawaru_ov_weapons_minmay, lemuel_blue_sif_altar,
          lemuel_crystal_altar, first_ration
D:3:      layout_loops_ring, tso_altar, minivault_27, kennysheep_generic_room_4
D:4:      cheibrodos_quashed, layout_basic, uniq_duvessa
D:5:      layout_rooms
D:6:      layout_loops_cross, minmay_temple_entry_offerings, abandoned_shop
D:7:      layout_loops_ring, kennysheep_mini, lightli_minifort
D:8:      layout_layer_cave, minmay_lair_entry_grove, basic_altar
D:9:      layout_basic, serial_corexii_hall, corexii_hall_statues_t,
          chequers_hall_statues_wall_a, uniq_grum, uniq_erica
D:10:     layout_basic, uniq_snorg
D:11:     layout_basic, zombieorc2_lemuel, uniq_josephine, uniq_psyche
D:12:     layout_loops_ring, serial_glass, glass_columns_c, glass_columns_b,
          glass_columns_a, glass_columns_a, glass_columns_a, glass_columns_b,
          glass_columns_a, glass_columns_b, uniq_rupert
D:13:     layout_loops_ring, grunt_livestock, fedhas_altar_1
D:14:     layout_long_grid, skrybe_vaults_entry_preservation,
          gammafunk_ghost_grave, serial_undead, serial_undead_c,
          serial_undead_b, serial_undead_f, serial_undead_b,
          corexii_leaking_fountain, uniq_agnes
Temple:   minmay_crystal_spiral_temple
Orc:1:    layout_diamond_mine
